 Dungeon Sprint DCSS version 0.28-a0-863-g8cecda6153 (webtiles) character file.

Game seed: 7527928446542800369

1701 Turgor the Impaler (level 8, -1/83 HPs)
             Began as a Minotaur Berserker on Nov 17, 2021.
             Was an Elder of Trog.
             Shot with an arrow by a centaur warrior (17 damage)
             ... in the Dungeon (Sprint IX: "|||||||||||||||||||||||||||||").
             The game lasted 00:04:39 (262 turns).

Turgor the Impaler (Minotaur Berserker)              Turns: 262, Time: 00:04:39

Health: -1/83      AC: 15    Str: 26    XL:     8   Next: 73%
Magic:  7/7        EV: 11    Int:  4    God:    Trog [****..]
Gold:   0          SH:  0    Dex: 11    Spells: 7/7 levels left

rFire   . . .      SeeInvis .   k - +2 halberd (protect)
rCold   . . .      Faith    .   (shield currently unavailable)
rNeg    . . .      Spirit   .   l - +1 chain mail
rPois   .          Reflect  .   (helmet restricted)
rElec   .          Harm     .   a - +0 cloak
rCorr   .          Rampage  .   (no gloves)
Will    ++...      NoTele   +   (no boots)
Stlth   ..........              (no amulet)
HPRegen 1.23/turn               m - +3 ring of strength
MPRegen 0.10/turn               b - +2 ring of protection

@: strong-willed, regenerating
A: horns 2, retaliatory headbutt
a: Renounce Religion, Berserk, Trog's Hand, Brothers in Arms


You were in the Dungeon.
You worshipped Trog.
Trog was greatly pleased with you.
You visited 1 branch

Inventory:

Hand Weapons
 k - a +2 halberd of protection (weapon)
Armour
 a - a +0 cloak (worn)
 l - a +1 chain mail (worn)
Jewellery
 b - a +2 ring of protection (right hand)
 m - a +3 ring of strength (left hand)
Wands
 j - a wand of iceblast (10)
Scrolls
 h - 2 scrolls of blinking
Potions
 c - 5 potions of curing
 d - 2 potions of heal wounds
 e - a potion of haste
 f - 4 potions of magic
 g - a potion of berserk rage
 i - a potion of invisibility


   Skills:
 + Level 12.2 Fighting
 * Level 16.0 Polearms
 - Level 9.0 Armour
 - Level 9.0 Dodging


You had 7 spell levels left.
You didn't know any spells.
Your spell library was empty.

Dungeon Overview and Level Annotations

Branches:
Dungeon (1/1)

Altars:
Cheibriados
Dithmenos
Elyvilon
Fedhas
Gozag
Hepliaklqana
Kikubaaqudgha
Makhleb
Nemelex Xobeh
Okawaru
Qazlal
Ru
Sif Muna
Trog
Uskayaw
Vehumet
Wu Jian
Xom
Yredelemnul
Zin
The Shining One
Beogh
Jiyva
Lugonu


Innate Abilities, Weirdness & Mutations

You have a pair of horns on your head.
You reflexively headbutt those who attack you in melee.


Message History

The death knight dies!
Trog accepts your kill.
Your two-headed ogre suffers a backlash!
Your two-headed ogre closely misses the meliai.
Your two-headed ogre barely misses the meliai.
Training target 9.0 for Dodging reached!
Your Fighting skill increases to level 11!
Your Polearms skill gained 2 levels and is now at level 15!
Your Dodging skill increases to level 9!
You have reached level 8!
You feel agile.
The meliai hits your two-headed ogre with a +0 hand axe.
The meliai stings your two-headed ogre.
The meliai calls down the wrath of its god upon you.
Something smites you!
* * * LOW HITPOINT WARNING * * *
Your two-headed ogre hits the meliai with a +0 giant club!
Your two-headed ogre hits the meliai with a +0 giant club!!
The meliai dies!
Trog accepts your kill.
Your Fighting skill increases to level 12!
Your Polearms skill increases to level 16!
You feel much better.
The centaur warrior wields a +0 longbow.
The centaur warrior shoots an arrow.
The arrow hits your two-headed ogre!!
Your two-headed ogre rages.
The centaur warrior unwields a +0 longbow.
The centaur warrior hits your two-headed ogre!
Your two-headed ogre dies!
Your two-headed ogre's corpse disappears in a puff of smoke!
You fail to use your ability.
The centaur warrior wields a +0 longbow.
The centaur warrior shoots an arrow.
The arrow hits you!
* * * LOW HITPOINT WARNING * * *
The deep elf pyromancer casts a spell.
The deep elf pyromancer blinks!
The centaur warrior shoots an arrow.
The arrow hits you.
* * * LOW HITPOINT WARNING * * *
The centaur warrior shoots an arrow.
The arrow hits you!
You die...

▓T▓
▓c▓
▓)▓
▓'▓
▓.▓
▓.▓
▓.▓
▓.▓
▓@▓
▓)▓
▓[▓
▓.▓
▓.▓
▓[▓
▓[▓
▓.▓
▓.▓


You could see a centaur warrior.

Vanquished Creatures
  A wyvern (D)
  A shadow (D)
  A vampire mosquito (D)
  An acid dragon (D)
  An orc warrior (D)
  A black bear (D)
  A centaur (D)
  A scorpion (D)
  An iguana (D)
  An orc wizard (D)
  An adder zombie (D)
  A dart slug (D)
  An endoplasm (D)
  A goblin (D)
  A frilled lizard (D)
  A kobold (D)
16 creatures vanquished.

Vanquished Creatures (collateral kills)
  A death knight (D)
  A meliai (D)
2 creatures vanquished.

Grand Total: 18 creatures vanquished

Notes
Turn   | Place    | Note
-------+----------+-------------------------------------------
     0 | D        | Turgor the Minotaur Berserker began the quest for the Orb.
     0 | D        | Reached XP level 1. HP: 19/19 MP: 0/0
     7 | D        | Reached skill level 4 in Polearms
    12 | D        | Reached ** piety under Trog
    86 | D        | Noticed an iguana
    86 | D        | Noticed an orc wizard
    86 | D        | Noticed a black bear
    86 | D        | Noticed a scorpion
    90 | D        | Killed a scorpion
    91 | D        | Reached skill level 5 in Fighting
    91 | D        | Reached skill level 6 in Polearms
    91 | D        | Reached XP level 2. HP: 29/29 MP: 1/1
    91 | D        | Reached XP level 3. HP: 36/36 MP: 2/2
    95 | D        | Killed a black bear
    95 | D        | Reached *** piety under Trog
    96 | D        | Reached skill level 8 in Polearms
    96 | D        | Reached skill level 5 in Armour
    96 | D        | Reached skill level 5 in Dodging
    96 | D        | Reached XP level 4. HP: 36/45 MP: 3/3
    96 | D        | Reached XP level 5. HP: 41/51 MP: 4/4
   101 | D        | Reached skill level 9 in Polearms
   105 | D        | Reached **** piety under Trog
   113 | D        | Found a snail-covered altar of Cheibriados.
   113 | D        | Found a shadowy altar of Dithmenos.
   113 | D        | Found a white marble altar of Elyvilon.
   113 | D        | Found a blossoming altar of Fedhas.
   113 | D        | Found an opulent altar of Gozag.
   114 | D        | Found a hazy altar of Hepliaklqana.
   115 | D        | Found a viscous altar of Jiyva.
   116 | D        | Found an ancient bone altar of Kikubaaqudgha.
   117 | D        | Found a corrupted altar of Lugonu.
   118 | D        | Found a burning altar of Makhleb.
   119 | D        | Found a sparkling altar of Nemelex Xobeh.
   120 | D        | Found an iron altar of Okawaru.
   121 | D        | Found a stormy altar of Qazlal.
   122 | D        | Found a sacrificial altar of Ru.
   123 | D        | Found a shimmering blue altar of Sif Muna.
   124 | D        | Found a bloodstained altar of Trog.
   125 | D        | Found a hide-covered altar of Uskayaw.
   126 | D        | Found a radiant altar of Vehumet.
   127 | D        | Found an ornate altar of the Wu Jian Council.
   128 | D        | Found a shimmering altar of Xom.
   129 | D        | Found a basalt altar of Yredelemnul.
   130 | D        | Found a glowing silver altar of Zin.
   131 | D        | Found a glowing golden altar of the Shining One.
   181 | D        | Noticed an orc warrior
   181 | D        | Noticed an acid dragon
   181 | D        | Noticed a shadow
   181 | D        | Noticed a vampire mosquito
   181 | D        | Noticed a centaur
   181 | D        | Noticed a wyvern
   184 | D        | Killed a wyvern
   185 | D        | Reached skill level 11 in Polearms
   185 | D        | Reached XP level 6. HP: 38/61 MP: 5/5
   191 | D        | Killed a vampire mosquito
   192 | D        | Reached skill level 12 in Polearms
   192 | D        | Reached XP level 7. HP: 70/70 MP: 6/6
   196 | D        | Killed a shadow
   199 | D        | Reached skill level 13 in Polearms
   201 | D        | Reached ***** piety under Trog
   202 | D        | Reached skill level 10 in Fighting
   251 | D        | Noticed a basilisk
   251 | D        | Noticed a troll
   251 | D        | Noticed a deep elf pyromancer
   251 | D        | Noticed a centaur warrior
   251 | D        | Noticed a meliai
   251 | D        | Noticed a death knight
   257 | D        | Killed a death knight
   258 | D        | Reached skill level 15 in Polearms
   258 | D        | Reached XP level 8. HP: 14/83 MP: 7/7
   258 | D        | HP: 2/83 [meliai/divine providence (13)]
   258 | D        | Killed a meliai
   259 | D        | Reached skill level 16 in Polearms
   262 | D        | Shot with an arrow by a centaur warrior

Illustrated notes

Levels and vault maps discovered:
D:        linesprint [early_d, line_temple, items_1, d_10, items_2, lair_1,
          lair_end, items_3, orc_1, orc_end, items_4, d_15, swamp_1, shoals_1,
          snake_1, spider_1, d_20, vaults_1, items_5, swamp_end, shoals_end,
          snake_end, spider_end, vaults_end, d_27, items_6, zot_1, zot_end,
          crypt_end, forest_end, elf_end, slime_end, tomb_end, abyss_end,
          pan_hell_end]

Skill      XL: |  1  2  3  4  5  6  7  8 |
---------------+-------------------------+-----
Polearms       | 6 8 11 12 15 16 | 16.0
Fighting       | 5 6 8 9 11 12 | 12.2
Armour         | 4 5 7 8 9 |  9.0
Dodging        | 4 5 7 9 |  9.0

Action                   |  1- 3 |  4- 6 |  7- 9 || total
-------------------------+-------+-------+-------++-------
Melee: Spear             |    21 |     9 |       ||    30
       Headbutt          |     7 |     2 |     2 ||    11
       Halberd           |       |     8 |    12 ||    20
Invok: Trog's Hand       |     1 |     1 |     1 ||     3
       Berserk           |     1 |     1 |       ||     2
       Brothers in Arms  |       |       |     1 ||     1
  Use: Potion            |       |       |     1 ||     1
Armor: Animal skin       |     2 |       |       ||     2
       Chain mail        |       |     4 |     2 ||     6
Dodge: Dodged            |     7 |     6 |       ||    13

Table legend: (Time is in decaauts)
 A = Elapsed time spent in this place.
 B = Non-inter-level travel time spent in this place.
 C = Inter-level travel time spent in this place.
 D = Time resting spent in this place.
 E = Time spent auto-exploring this place.
 F = Levels seen in this place.
 G = Mean time per level.
                   A        B        C        D        E       F      G
               +--------+--------+--------+--------+--------+-----+--------+
         Total |    269 |    269 |      0 |    105 |      0 |   1 |  269.0 |
       Dungeon |    269 |    269 |      0 |    105 |      0 |   1 |  269.0 |
               +--------+--------+--------+--------+--------+-----+--------+

Top non-repeatable levels by time:
       D: 269 daAuts
